AoeStats
← 一杯冰美式

African Clearing

510501364Analyzed
4v4 RM · 1d ago on Oct 1, 2026· 58m 20s· 8 players
Game mode
Random Map
Map size
Large (8 player)
Population
200
Speed
Normal
Resources
Standard
Victory
Conquest
Starting age
Dark Age
Ending age
Imperial Age
RankedLock teamsTeams togetherTeam positionsShared explorationLock speedFull tech treeHidden civsTurbo modeCheats
Victory
Defeat
🇹🇼 Japanese · Taiwan
1146
+13
🇨🇳 Portuguese · China
1100
+15
🇹🇼 Huns · Taiwan
1055
+16
🇨🇳 Khmer · China
955
+20
🇬🇧 Byzantines · United Kingdom
1162
-20
🇩🇪 Varangians · Germany
1094
-17
🇪🇸 Huns · Spain
1008
-14
🇪🇸 Goths · Spain
995
-13
MerDE
8:09 Loom
13:38 Feudal Age
16:33 Fletching
18:36 Double-Bit Axe
38:15 Castle Age
50:45 Imperial Age
50:01 Stone Mining
52:43 Conscription
55:45 Gold Mining
56:46 Stone Shaft Mining
58:11 Elite Organ Gun
mengb65
13:47 Feudal Age
13:04 Loom
14:45 Double-Bit Axe
19:35 Castle Age
19:44 Wheelbarrow
21:44 Horse Collar
23:12 Bow Saw
23:41 Husbandry
24:32 Scale Barding Armor
29:21 Heavy Plow
30:05 Forging
31:03 Bloodlines
35:59 Gold Mining
37:58 Stone Mining
39:47 Town Watch
42:38 Imperial Age
41:58 Chain Barding Armor
43:58 Plate Barding Armor
43:59 Iron Casting
42:50 Cavalier
45:26 Gold Shaft Mining
45:30 Conscription
45:12 Marauders
46:41 Blast Furnace
45:48 Elite Tarkan
47:15 Light Cavalry
48:12 Hussar
51:06 Hand Cart
51:54 Capped Ram
58:09 Caravan
一杯冰美式
3:27 Loom
16:39 Feudal Age
17:39 Town Watch
18:23 Gold Mining
18:25 Stone Mining
18:43 Fishing Lines
21:16 Castle Age
20:09 Double-Bit Axe
22:04 Fletching
22:38 Bow Saw
23:43 Gold Shaft Mining
23:38 Gillnets
27:37 Wheelbarrow
31:42 Imperial Age
32:59 Scale Mail Armor
33:10 Forging
33:29 Conscription
33:26 Horse Collar
34:00 Arson
34:16 Squires
34:35 Chain Mail Armor
34:55 Iron Casting
35:45 Plate Mail Armor
35:26 Heavy Plow
37:09 Hand Cart
37:21 Elite Samurai
39:08 Blast Furnace
40:24 Two-Man Saw
44:33 Town Patrol
jack
4:53 Loom
15:28 Feudal Age
19:14 Castle Age
17:06 Double-Bit Axe
26:15 Wheelbarrow
26:00 Town Watch
27:00 Horse Collar
27:37 Bow Saw
27:20 Gold Mining
27:21 Stone Mining
29:07 Gold Shaft Mining
29:40 Heavy Plow
30:12 Hand Cart
30:50 Stone Shaft Mining
33:59 Imperial Age
32:09 Town Patrol
33:06 Fortified Wall
33:09 Masonry
34:25 Husbandry
34:48 Ballistics
35:53 Crop Rotation
35:45 Double Crossbow
36:36 Architecture
37:08 Chemistry
36:56 Conscription
37:27 Heavy Scorpion
38:21 Bloodlines
37:34 Light Cavalry
38:33 Fletching
38:54 Forging
38:50 Scale Barding Armor
38:56 Hussar
40:25 Iron Casting
40:26 Scale Mail Armor
40:46 Chain Barding Armor
40:01 Capped Ram
43:32 Blast Furnace
43:08 Plate Barding Armor
44:48 Siege Engineers
48:57 Elite Ballista Elephant
56:43 Hoardings
rubBen
14:53 Feudal Age
15:29 Loom
19:08 Castle Age
19:20 Fletching
19:24 Double-Bit Axe
20:38 Bodkin Arrow
30:52 Ballistics
31:35 Bow Saw
33:32 Padded Archer Armor
37:34 Imperial Age
35:42 Wheelbarrow
34:37 Pikeman
35:29 Forging
35:20 Scale Mail Armor
36:08 Gold Mining
36:36 Husbandry
37:39 Leather Archer Armor
38:56 Parthian Tactics
38:38 Bracer
39:57 Heavy Cavalry Archer
47:04 Iron Casting
46:44 Chain Mail Armor
47:43 Thumb Ring
48:48 Scale Barding Armor
49:43 Blast Furnace
52:13 Bloodlines
51:23 Light Cavalry
52:55 Hussar
Krau
4:49 Loom
13:48 Feudal Age
22:27 Double-Bit Axe
24:45 Castle Age
24:50 Man-at-Arms
29:29 Wheelbarrow
30:35 Town Watch
31:57 Hand Cart
31:46 Pikeman
32:27 Squires
33:48 Bow Saw
33:18 Horse Collar
37:28 Imperial Age
35:45 Heavy Plow
35:53 Town Patrol
36:57 Forging
36:47 Scale Mail Armor
36:25 Long Swordsman
38:42 Crop Rotation
39:46 Two-Man Saw
39:52 Iron Casting
39:19 Gold Mining
39:12 Halberdier
39:56 Perfusion
40:53 Onager
43:06 Chemistry
41:48 Treadmill Crane
53:35 Two-Handed Swordsman
54:39 Conscription
54:20 Anarchy
53:41 Elite Huskarl
54:35 Masonry
54:21 Murder Holes
53:56 Champion
Pontifux
6:53 Loom
15:55 Feudal Age
21:25 Castle Age
20:05 Double-Bit Axe
23:02 Bow Saw
38:12 Horse Collar
39:46 Bloodlines
40:40 Scale Barding Armor
42:16 Wheelbarrow
41:27 Town Watch
46:53 Imperial Age
44:32 Fletching
45:23 Bodkin Arrow
45:40 Forging
45:57 Husbandry
46:59 Chain Barding Armor
48:19 Conscription
48:13 Bracer
48:49 Plate Barding Armor
50:36 Hand Cart
50:05 Elite Jarl
51:53 Iron Casting
54:42 Two-Man Saw
[SKY] strider
4:44 Loom
14:24 Feudal Age
15:07 Man-at-Arms
17:47 Scale Mail Armor
19:19 Wheelbarrow
20:55 Castle Age
20:20 Double-Bit Axe
21:05 Scale Barding Armor
21:36 Husbandry
36:19 Wheelbarrow
39:15 Imperial Age
37:45 Bow Saw
37:19 Horse Collar
38:33 Chain Barding Armor
39:55 Heavy Camel Rider
41:01 Forging
42:08 Plate Barding Armor
46:19 Chemistry
45:19 Onager
46:23 Light Cavalry
47:58 Capped Ram
49:01 Hussar
54:46 Hand Cart
56:47 Siege Ram
Connection lost

Rejoining the realm…

Still unreachable

The connection could not be restored.

Session expired

The server has moved on; the page needs a fresh start.